 Dungeon Crawl Stone Soup version 0.22-a0-299-g43f9854 (webtiles) character file.

35423 Amnesiac the Nimble (level 13, 0/111 HPs)
             Began as a Demigod Wizard on Mar 25, 2018.
             Slain by a skeletal warrior
             ... wielding a +0 trident
              (20 damage)
             ... on level 13 of the Dungeon.
             The game lasted 01:02:49 (20393 turns).

Amnesiac the Nimble (Demigod Wizard)               Turns: 20393, Time: 01:02:50

Health: 0/111      AC: 11    Str: 10    XL:     13   Next: 17%
Magic:  14/26      EV: 21    Int: 30    God:
Gold:   634        SH:  8    Dex: 14    Spells: 3/23 levels left

rFire    . . .     SeeInvis .   D - +1 demon trident (elec)
rCold    + . .     Gourm    .   T - +2 buckler {AC+3}
rNeg     . . .     Faith    .   Q - +1 robe {rC+}
rPois    +         Spirit   .   S - +0 helmet
rElec    .         Reflect  .   F - +1 cloak
rCorr    .         Harm     .   w - +0 pair of gloves
MR       +....                  o - +0 pair of boots
Stlth    ++........             I - amulet of rage (curse)
HPRegen  0.28/turn              N - ring of poison resistance
MPRegen  0.20/turn              H - +3 ring of evasion

@: very slightly contaminated
A: high mp 1
a: Evoke Berserk Rage


You were on level 13 of the Dungeon.
You were near starving.

You visited 3 branches of the dungeon, and saw 16 of its levels.
You also visited: Sewer.

You collected 1713 gold pieces.
You spent 1079 gold pieces at shops.

Inventory:

Hand Weapons
 a - a +2 dagger of electrocution
 b - a +2 blowgun
 n - a +0 dagger of venom
 u - a +1 long sword of draining
 D - a +1 demon trident of electrocution (weapon)
 U - the +9 dagger of Zaawurat {chaos, -Tele rPois rF+ Str+4}
   (You found it on level 12 of the Dungeon)

   Each time it hits an enemy it has a different, random effect.
   It affects your strength (+4).
   It protects you from fire.
   It protects you from poison.
   It prevents most forms of teleportation.
Missiles
 x - 82 poisoned needles
Armour
 o - a +0 pair of boots (worn)
 s - a +1 robe of magic resistance
 w - a +0 pair of gloves (worn)
 F - a +1 cloak (worn)
 Q - a +1 robe of cold resistance (worn)
 S - a +0 helmet (worn)
 T - a +2 buckler of protection (worn)
Magical Staves
 c - an uncursed staff of fire
 V - an uncursed staff of wizardry
Jewellery
 j - an uncursed ring of magical power
 H - a +3 ring of evasion (right hand)
 I - a cursed amulet of rage (around neck)
 N - a ring of poison resistance (left hand)
 P - an uncursed ring of protection from cold
Wands
 p - a wand of acid (22)
 z - a wand of random effects (15)
 C - a wand of iceblast (21)
 G - a wand of scattershot (1)
Scrolls
 f - a scroll of amnesia {!r}
 g - 4 scrolls of teleportation {!r}
 l - a scroll of enchant armour {!r}
 m - 3 scrolls of remove curse {!r}
 r - 3 scrolls of magic mapping {!r}
 y - a scroll of fog {!r}
 J - a scroll of identify {!r}
Potions
 e - a potion of agility {!q}
 h - a potion of flight {!q}
 i - 2 potions of resistance {!q}
 k - a potion of invisibility {!q}
 q - a potion of mutation {!q}
 t - 10 potions of curing {!q}
 v - 3 potions of brilliance {!q}
 A - 4 potions of might {!q}
 B - 3 potions of heal wounds {!q}
 E - 2 potions of haste {!q}
 K - 2 potions of ambrosia {!q}
 M - 2 potions of berserk rage {!q}
 R - 2 potions of magic {!q}
Comestibles
 d - 25 rations


   Skills:
 - Level 9.4 Fighting
 - Level 9.5 Dodging
 - Level 1.7 Stealth
 - Level 9.5 Shields
 + Level 5.9 Spellcasting
 + Level 6.5 Conjurations
 - Level 0.8 Summonings
 - Level 0.8 Translocations
 + Level 6.5 Ice Magic
 - Level 9.4 Evocations


You had 3 spell levels left.
You knew the following spells:

 Your Spells              Type           Power        Failure   Level  Hunger
a - Magic Dart            Conj           ####         1%          1    None
b - Call Imp              Summ           ##......     5%          2    None
c - Animate Skeleton      Necr           N/A          5%          1    None
d - Apportation           Tloc           ##....       3%          1    None
e - Mephitic Cloud        Conj/Pois/Air  ###.....     6%          3    None
f - Bolt of Cold          Conj/Ice       #####.....   50%         6    ######.
s - Conjure Flame         Conj/Fire      ####....     4%          3    None
v - Blink                 Tloc           N/A          5%          2    None
z - Confusing Touch       Hex            #.....       5%          1    None


Dungeon Overview and Level Annotations

Branches:
Dungeon (13/15)            Temple (1/1) D:6            Lair (0/6) D:10
    Orc (2/2) D:9             Elf (0/3) Orc:2
 Vaults: D:13-14

Shops:
Orc:2 :![*

Portals:
Pandemonium: Orc:2
Trove: D:12 (give 14 scrolls of teleportation)


Innate Abilities, Weirdness & Mutations

You have an increased reservoir of magic. (+10% MP)


Message History

Wield which item (- for none, * to show all)? (? for menu, Esc to quit)
Okay, then.
Unknown command.
Wield which item (- for none, * to show all)? (? for menu, Esc to quit)
The +9 dagger of Zaawurat {chaos, -Tele rPois rF+ Str+4} is briefly surrounded by a scintillating aura of random colours.
U - the +9 dagger of Zaawurat (weapon)
{chaos, -Tele rPois rF+ Str+4} You hit the efreet but do no damage.
The efreet is almost dead.
The efreet is engulfed in freezing vapours.
The efreet dies!
A centaur comes into view.
The centaur wields a runed shortbow.
The centaur shoots an arrow.
You block the arrow.
You hear a shout!
You see here an arrow.
Wield which item (- for none, * to show all)? (? for menu, Esc to quit)
You hear the crackle of electricity.
D - a +1 demon trident of electrocution (weapon)
The centaur shoots an arrow.
The arrow hits you.
* * * LOW HITPOINT WARNING * * *
Casting: Bolt of Cold (very dangerous; 50% risk of failure)
Confirm with . or Enter, or press ? or * to list all spells.
You blink.
A centaur warrior and a skeletal warrior come into view.
The centaur warrior wields a longbow.
The centaur warrior shoots an arrow.
The arrow completely misses you.
The centaur unwields an uncursed enchanted shortbow.
The centaur hits you.
* * * LOW HITPOINT WARNING * * *
You hear a shout! x2
Casting: Blink (safe; 5% risk of failure)
Confirm with . or Enter, or press ? or * to list all spells.
You blink.
You hear a shout!
The centaur warrior unwields an uncursed longbow.
The centaur warrior barely misses you.
A centaur comes into view.
The centaur shouts!
An ugly thing and a centaur come into view.
The purple ugly thing gurgles horribly!
The centaur wields a shortbow.
The centaur shoots an arrow.
You block the arrow. The centaur warrior hits you.
* * * LOW HITPOINT WARNING * * *
The purple ugly thing moves out of view.
You see here an arrow.
Casting: Blink (safe; 5% risk of failure)
Confirm with . or Enter, or press ? or * to list all spells.
Aiming: Mephitic Cloud (safe; 6% risk of failure)
Press: ? - help, Shift-Dir - straight line, f - centaur
Aim: a centaur, wielding a shortbow You miscast Mephitic Cloud.
Nothing appears to happen.
The centaur wields a shortbow.
The centaur shoots an arrow.
The arrow hits you but does no damage. The centaur warrior misses you.
You block the centaur's attack.
A centaur comes into view.
You hit the centaur but do no damage. Lightning courses through the centaur!
The centaur is severely wounded.
The centaur unwields an uncursed shortbow.
The centaur barely misses you.
The centaur warrior hits you but does no damage.
The centaur barely misses you. The centaur warrior hits you.
* * * LOW HITPOINT WARNING * * *
The skeletal warrior hits you from afar with a trident!!
You die... ##...## ###.#.## ##.....## ......# ##.......## .....# #..<......# ..... +.....<...+ ...# #.........# uc#

##.......## #c#
##.....### .###.##@#
##......# .....ccc#
##'###.# ######z######
#.# .#
##.##.§§####§###.###
#.....§((.(§§.......
#....###§#####(#######
#.##..# #. ♣..§§....#
.. #... ..#P....PP..#
# #..##..#...♣...♣♣#


You could see a purple ugly thing, a skeletal warrior, a centaur warrior and 4
centaurs.

Vanquished Creatures
  Fannar (D:10)
  2 catoblepae (D:12)
  The ghost of 4thArraOfDagon the Arsonist, a journeyman DrIE of Sif Muna (D:12)
  2 two-headed ogres
  The ghost of TheNamelessOne the Cleaver, a novice FoFi (D:7)
  3 orc high priests (Orc:2)
  Urug (D:11)
  3 unseen horrors
  A torturous demonspawn (Orc:2)
  The ghost of CasualChangeling the Arsonist, a novice DrFE of Vehumet (D:8)
  A gelid demonspawn (Orc:2)
  5 orc knights (Orc:2)
  2 ugly things (D:12)
  10 orc sorcerers
  2 manticores (D:12)
  2 cyclopes (D:12)
  An orange demon (Orc:2)
  A centaur skeleton (D:12)
  A troll (D:6)
  2 hornets
  11 slime creatures
  A hippogriff (D:8)
  2 wraiths
  3 ynoxinuls (Orc:2)
  18 yaks
  A steam dragon (D:10)
  A human (D:8)
  2 hungry ghosts
  4 wargs
  Menkaure (D:5)
  An acid dragon (D:11)
  A water moccasin (D:8)
  3 sky beasts
  31 orc warriors
  2 black bears
  4 ice beasts
  4 phantoms
  6 ogres
  11 centaurs
  A crocodile (D:11)
  4 big kobolds
  9 bullfrogs
  A gnoll sergeant (D:6)
  2 scorpions
  5 killer bees (D:12)
  8 wights
  An electric eel (D:10)
  4 crimson imps
  2 quasits
  2 centaur zombies
  9 hounds
  25 orc priests
  2 jellies
  9 orc wizards
  Crazy Yiuf (D:5)
  5 iguanas
  A bullfrog skeleton (D:12)
  9 worker ants
  A hound zombie (D:11)
  3 hound skeletons
  3 worker ant zombies
  9 adders
  8 gnolls
  2 river rats (D:4)
  An ooze (Sewer)
  2 adder skeletons
  4 worms
  12 dart slugs
  2 leopard geckos (D:1)
  84 orcs
  13 bats
  9 giant cockroaches
  2 gnoll zombies (D:6)
  5 goblins
  5 hobgoblins
  4 jackals (D:9)
  2 quokkas (D:9)
  2 ball pythons (Sewer)
  A ball python zombie (D:5)
  5 frilled lizards
  25 kobolds
  2 leopard gecko skeletons (D:4)
  2 quokka skeletons
  16 rats
474 creatures vanquished.

Vanquished Creatures (collateral kills)
  A smoke demon (Orc:2)
  An adder (D:2)
  An orc (Orc:2)
3 creatures vanquished.

Vanquished Creatures (others)
  An efreet (D:13)
  A plant (D:13)
2 creatures vanquished.

Grand Total: 479 creatures vanquished

Notes
Turn   | Place    | Note
-------+----------+-------------------------------------------
     0 | D:1      | Amnesiac the Demigod Wizard began the quest for the Orb.
     0 | D:1      | Reached XP level 1. HP: 14/14 MP: 6/6
    26 | D:1      | Reached skill level 1 in Conjurations
   343 | D:1      | Reached XP level 2. HP: 20/20 MP: 1/8
   347 | D:1      | Learned a level 2 spell: Blink
   350 | D:1      | Learned a level 2 spell: Call Imp
   880 | D:2      | Found a stormy altar of Qazlal.
   885 | D:2      | Found a blossoming altar of Fedhas.
   915 | D:2      | Reached XP level 3. HP: 25/26 MP: 10/10
  1165 | D:2      | Noticed an ice beast
  1341 | D:2      | Found a sacrificial altar of Ru.
  1436 | D:2      | Found an ancient bone altar of Kikubaaqudgha.
  1664 | D:3      | Reached XP level 4. HP: 29/33 MP: 11/11
  1901 | D:3      | Learned a level 3 spell: Mephitic Cloud
  2047 | D:3      | Found a hazy altar of Hepliaklqana.
  2660 | D:3      | Reached XP level 5. HP: 34/38 MP: 13/13
  2666 | D:3      | Found a radiant altar of Vehumet.
  2986 | D:3      | Learned a level 3 spell: Conjure Flame
  3010 | D:3      | Killed an ice beast
  3236 | D:4      | Reached skill level 1 in Fighting
  3236 | D:4      | Reached XP level 6. HP: 41/47 MP: 16/16
  3342 | D:4      | Found a glowing drain.
  3470 | Sewer    | Entered a sewer
  4328 | D:4      | Found a hide-covered altar of Uskayaw.
  4487 | D:4      | Found a burning altar of Makhleb.
  4538 | D:4      | Reached XP level 7. HP: 56/56 MP: 17/17
  5081 | D:5      | Entered Level 5 of the Dungeon
  5081 | D:5      | Noticed Menkaure
  5090 | D:5      | Killed Menkaure
  5421 | D:5      | Found a runed door.
  5488 | D:5      | Noticed Crazy Yiuf
  5494 | D:5      | Killed Crazy Yiuf
  5924 | D:5      | Found an ornate altar of the Wu Jian Council.
  6071 | D:6      | Reached skill level 5 in Dodging
  6130 | D:6      | Noticed a troll
  6152 | D:6      | Killed a troll
  6152 | D:6      | Reached skill level 1 in Evocations
  6152 | D:6      | Reached XP level 8. HP: 36/66 MP: 18/18
  6235 | D:6      | Reached skill level 5 in Conjurations
  6348 | D:6      | Learned a level 1 spell: Animate Skeleton
  6350 | D:6      | Learned a level 1 spell: Confusing Touch
  6352 | D:6      | Learned a level 1 spell: Apportation
  6359 | D:6      | Found a staircase to the Ecumenical Temple.
  6791 | D:6      | Reached skill level 5 in Fighting
  7018 | D:6      | Found a basalt altar of Yredelemnul.
  7348 | Temple   | Entered the Ecumenical Temple
  7645 | D:7      | Noticed TheNamelessOne's ghost (novice FoFi)
  7680 | D:7      | Killed TheNamelessOne's ghost
  7680 | D:7      | Reached skill level 5 in Evocations
  7680 | D:7      | Reached XP level 9. HP: 39/75 MP: 17/19
  8852 | D:7      | Found an opulent altar of Gozag.
  9012 | D:8      | Reached skill level 1 in Shields
  9094 | D:8      | Noticed CasualChangeling's ghost (novice DrFE)
  9106 | D:8      | Killed CasualChangeling's ghost
  9159 | D:8      | Found a sparkling altar of Nemelex Xobeh.
  9310 | D:8      | Reached XP level 10. HP: 80/84 MP: 20/20
  9602 | D:9      | Reached skill level 5 in Shields
  9856 | D:9      | Found a staircase to the Orcish Mines.
  9892 | D:9      | Found a roughly hewn altar of Beogh.
 10369 | D:10     | Entered Level 10 of the Dungeon
 10396 | D:10     | Noticed Fannar
 10842 | D:10     | Killed an unseen horror
 11166 | D:10     | Killed Fannar
 11504 | D:10     | Reached XP level 11. HP: 88/92 MP: 21/21
 11795 | D:10     | Found a staircase to the Lair.
 11903 | Orc:1    | Entered Level 1 of the Orcish Mines
 11903 | Orc:1    | Noticed a two-headed ogre
 11907 | Orc:1    | You fall through a shaft!
 11907 | Orc:2    | Entered Level 2 of the Orcish Mines
 11958 | Orc:2    | Found a staircase to the Elven Halls.
 12848 | Orc:2    | Noticed an orc knight
 13102 | Orc:2    | Killed an orc knight
 13425 | Orc:2    | Found a roughly hewn altar of Beogh.
 13870 | Orc:1    | Killed a two-headed ogre
 14206 | Orc:2    | Found Erahis's Distillery.
 14207 | Orc:2    | Noticed an orc knight
 14208 | Orc:2    | Found Emasas's General Store.
 14229 | Orc:2    | Killed an orc knight
 14784 | Orc:2    | Bought a potion of curing for 39 gold pieces
 14784 | Orc:2    | Bought a potion of berserk rage for 65 gold pieces
 14797 | Orc:2    | Noticed an orc knight
 14935 | Orc:2    | Killed an orc knight
 14946 | Orc:2    | Noticed an orc knight
 15428 | Orc:2    | Noticed an orc knight
 15448 | Orc:2    | Killed an orc knight
 15461 | Orc:2    | Noticed an orc high priest
 15813 | Orc:2    | Killed an orc high priest
 16066 | Orc:2    | Paralysed by an orc sorcerer for 4 turns
 16071 | Orc:2    | Reached XP level 12. HP: 96/103 MP: 22/22
 16540 | Orc:2    | Found Konkeu Myff's Antique Armour Shoppe.
 16540 | Orc:2    | Found Faprer's Book Emporium.
 16597 | Orc:2    | Found a one-way gate leading to the halls of Pandemonium.
 16642 | Orc:2    | Bought a book of Ice for 780 gold pieces
 16649 | Orc:2    | Learned a level 6 spell: Bolt of Cold
 16651 | Orc:2    | Bought a glowing buckler for 195 gold pieces
 17068 | D:11     | Reached skill level 1 in Ice Magic
 17536 | D:11     | Noticed Urug
 17565 | D:11     | Killed Urug
 17917 | D:12     | Noticed a catoblepas
 17917 | D:12     | Noticed a catoblepas
 17917 | D:12     | Noticed 4thArraOfDagon's ghost (journeyman DrIE)
 18124 | D:11     | Reached skill level 5 in Ice Magic
 19006 | D:12     | Killed 4thArraOfDagon's ghost
 19179 | D:12     | Reached skill level 5 in Spellcasting
 19220 | D:12     | Got an ancient dagger
 19223 | D:12     | Identified the +9 dagger of Zaawurat {chaos, -Tele rPois rF+ Str+4} (You found it on level 12 of the Dungeon)
 19266 | D:12     | Killed a catoblepas
 19508 | D:12     | Reached XP level 13. HP: 75/111 MP: 23/25
 20251 | D:12     | Found a portal to a secret trove of treasure.
 20393 | D:13     | Slain by a skeletal warrior

Vault maps used:
D:1:      lemuel_arrival_room, kennysheep_nondescript, grunt_decor_cap,
          minmay_domino_2
D:2:      grunt_temple_overflow_forces_of_nature, marbit_many_paths,
          kiku_gazebo_pond_becter
D:3:      kennysheep_slugbush, lemuel_doored_altar,
          lemuel_coloured_pillars_altar, first_ration
D:4:      eat_drink_and_be_merry_uskayaw, lemuel_crystal_altar,
          gup_sewer_entry_bubbles
D:5:      kennysheep_little_box, uniq_menkaure, uniq_crazy_yiuf_cottage
D:6:      lemuel_zombie_altar_yredelemnul, minmay_temple_entry_enclosed_plants
D:7:      grunt_gozag_breadcrumbs
D:8:      nemelex_xobeh_ov_fountains_minmay, grunt_pizzeria
D:9:      minmay_orc_entry_temple_small
D:10:     argonaut_augean_stables, grunt_lair_entry_orc_guard_hut, uniq_fannar
D:11:     uniq_urug
D:12:     nzn_motion_control, enter_trove_3, minmay_misc_feat_five
D:13:     minmay_cornered_nines, minivault_1, minmay_the_grid_2x2
Temple:   eino_wide_crystal_templ
Orc:2:    pf_orc_diabolical, basic_altar
Sewer:    kennysheep_pipe_town

Skill      XL: |  1  2  3  4  5  6  7  8  9 10 11 12 13 |
---------------+----------------------------------------+-----
Conjurations   | 1 2 3 4 5 6 |  6.5
Spellcasting   | 3 4 5 |  5.9
Fighting       | 1 2 4 6 7 8 9 |  9.4
Dodging        | 3 5 6 7 8 9 |  9.5
Evocations     | 1 5 6 7 8 9 |  9.4
Shields        | 4 7 8 9 |  9.5
Ice Magic      | 5 6 |  6.5
Stealth        | |  1.7
Summonings     | |  0.8
Translocations | |  0.8

Action                   |  1- 3 |  4- 6 |  7- 9 | 10-12 | 13-15 || total
-------------------------+-------+-------+-------+-------+-------++-------
Melee: Dagger            |    60 |   251 |   311 |   713 |     5 ||  1340
       Demon trident     |       |       |       |   227 |    85 ||   312
       Staff             |       |       |       |    10 |       ||    10
 Cast: Magic Dart        |    66 |    17 |   265 |    96 |       ||   444
       Call Imp          |     5 |     1 |     6 |    10 |       ||    22
       Blink             |     2 |     3 |       |    11 |     4 ||    20
       Mephitic Cloud    |       |    11 |    13 |    89 |     1 ||   114
       Conjure Flame     |       |     1 |    14 |    69 |    10 ||    94
Evoke: Wand              |       |       |     4 |    26 |       ||    30
  Use: Scroll            |       |    16 |     5 |     7 |       ||    28
       Potion            |       |       |     1 |     1 |     1 ||     3
 Stab: Sleeping          |     1 |     3 |     2 |       |     2 ||     8
       Confused          |       |     4 |     4 |    32 |     2 ||    42
       Distracted        |       |     1 |       |     2 |       ||     3
       Paralysed         |       |       |     7 |    22 |       ||    29
       Invisible         |       |       |     2 |       |       ||     2
  Eat: Chunk             |     2 |    10 |    17 |    28 |     1 ||    58
       Ration            |       |       |       |     3 |       ||     3
Armor: Robe              |    14 |    86 |   125 |   103 |    32 ||   360
       Steam dragon scal |       |       |       |   111 |       ||   111
       Skin              |       |       |       |       |     6 ||     6
Dodge: Dodged            |    53 |   201 |   287 |   588 |    76 ||  1205
Block: Shield            |       |       |       |   345 |       ||   345
       Buckler           |       |       |       |    83 |    27 ||   110

Table legend:
 A = Spawn XP
 B = Non-spawn XP
 C = Spawn XP percentage of total XP
 D = Spawn monster count
 E = Non-spawn monster count
 F = Spawn count percentage of total count
 G = Total turns spent on level
                    A         B        C        D         E        F      G
               +---------+---------+-------+---------+---------+-------+---------
         Total |       0 |   50605 |   0.0 |       0 |     477 |   0.0 | 20393
               +---------+---------+-------+---------+---------+-------+---------
           D:1 |       0 |      21 |   0.0 |       0 |      14 |   0.0 |   765
           D:2 |       0 |      56 |   0.0 |       0 |      24 |   0.0 |   855
           D:3 |       0 |     311 |   0.0 |       0 |      34 |   0.0 |  1606
           D:4 |       0 |     443 |   0.0 |       0 |      29 |   0.0 |  1133
           D:5 |       0 |     544 |   0.0 |       0 |      21 |   0.0 |   969
           D:6 |       0 |    1184 |   0.0 |       0 |      31 |   0.0 |  1511
           D:7 |       0 |    2194 |   0.0 |       0 |      40 |   0.0 |  1428
           D:8 |       0 |    1851 |   0.0 |       0 |      17 |   0.0 |   550
           D:9 |       0 |    1139 |   0.0 |       0 |      22 |   0.0 |  1117
          D:10 |       0 |    5507 |   0.0 |       0 |      29 |   0.0 |  1264
          D:11 |       0 |    5606 |   0.0 |       0 |      25 |   0.0 |  1614
          D:12 |       0 |   12189 |   0.0 |       0 |      49 |   0.0 |  1700
          D:13 |       0 |     159 |   0.0 |       0 |       2 |   0.0 |    38
         Orc:1 |       0 |    2259 |   0.0 |       0 |      17 |   0.0 |   854
         Orc:2 |       0 |   16914 |   0.0 |       0 |      99 |   0.0 |  4265
         Sewer |       0 |     228 |   0.0 |       0 |      24 |   0.0 |   722
               +---------+---------+-------+---------+---------+-------+---------
